cohdb
Replays
Latest Replays
All Replays
Popular Replays
Top Player Replays
Match Explorer
How It Works
Community
CoH3 Stats
Reddit
Sign in to upload your games and track your stats! →
Sign in with Steam
Match 45306770
Unlisted
Match 45306770
Overview
Messages
Build Orders
End
Panzergrenadier Squad
250 Light Carrier
Panzergrenadier Squad
Construct Light Support Kompanie
Combat Half-tracks
Fire Support Elements
Panzergrenadier Squad
Panzerjäger Mechanized Group
Construct Panzerarmee Kommand
Walking Stuka Rocket Launcher
Pak 38 Anti-tank Gun Team
Pak 38 Anti-tank Gun Team
Panzer III L Medium Tank
Panzer III L Medium Tank
Tungsten Core Ammunition
Vehicle Survival Package
2.5-tonne Medical Truck
Armored Reserves
Selects Armored Support Battlegroup
Selects Veteran Gunners
Selects Salvage Kits
Selects Panzer Storm
Selects Stuka Anti-tank Loiter
Emergency Repair Kits
Selects Flammpanzer III Medium Tank
Selects Battlefield Salvage
Hammerdon
HJT95
ITCI
hifuj1335
Tatari◑。
Riffraffle
Sion
##########
0
0
Comments
sign in to comment!
No comments posted yet!